 Dungeon Crawl Stone Soup version 0.18.1-5-g4a78601 (webtiles) character file.

161261 Arkorax the Warrior (level 18, 0/155 HPs)
             Began as a Human Chaos Knight on May 11, 2016.
             Slain by a salamander
             ... wielding a +0 halberd
             ... summoned by Xom
              (10 damage)
             ... on level 4 of the Snake Pit on May 12, 2016.
             The game lasted 01:13:22 (33449 turns).

Arkorax the Warrior (Human Chaos Knight)           Turns: 33449, Time: 01:13:23

Health: 0/155      AC: 33    Str: 22    XL:     18   Next: 41%
Magic:  18/18      EV: 21    Int: 15    God:    Xom [......]
Gold:   2476       SH:  6    Dex: 17    Spells: 0 memorised, 17 levels left

rFire  . . .     SeeInvis +     T - +3 eveningstar (crush)
rCold  . . .     Gourm    .     o - +8 chain mail "Wial" {rPois MR++ rCorr}
rNeg   . . .     Faith    .     r - +0 buckler
rPois  +         Spirit   .     s - +2 hat
rElec  +         Dismiss  .     v - +2 cloak
rCorr  +         Reflect  .     f - +0 pair of gloves of Trog's Delight {Str+4}
SustAt .         Harm     .     t - +0 pair of boots
MR     +++++                    x - amulet of regeneration (curse)
Stlth  ..........               C - +5 ring of evasion
                                E - ring of see invisible

@: about to teleport, almost entirely resistant to hostile enchantments,
extremely unstealthy
A: hooves 1, horns 2, icy blue scales 1, yellow scales 1, agile 1, magic
resistance 2, mutation resistance 1, sense surroundings 1, regeneration 1,
electricity resistance, strong 1, sturdy frame 2
a: Renounce Religion


You were on level 4 of the Snake Pit.
You worshipped Xom.
You were a very special plaything of Xom.
You were not hungry.

You visited 4 branches of the dungeon, and saw 29 of its levels.
You also visited: Ossuary and Ice Cave.

You collected 2826 gold pieces.
You spent 350 gold pieces at shops.

Inventory:

Hand Weapons
 T - a +3 eveningstar of crushing (weapon)
Missiles
 p - 4 throwing nets (quivered)
Armour
 f - the +0 pair of gloves of Trog's Delight (worn) {Str+4}
   (You found it on level 11 of the Dungeon)

   It affects your strength (+4).
 o - the +8 chain mail "Wial" (worn) {rPois MR++ rCorr}
   (You found it on level 2 of the Lair of Beasts)

   It protects you from poison.
   It affects your resistance to hostile enchantments.
   It protects you from acid and corrosion.
 r - a +0 buckler (worn)
 s - a +2 hat (worn)
 t - a +0 pair of boots (worn)
 v - a +2 cloak (worn)
Rods
 l - a +0 rod of clouds (10/10)
   (You found it on level 4 of the Snake Pit)
Jewellery
 k - an uncursed ring of protection from cold
 x - a cursed amulet of regeneration (around neck)
 C - a +5 ring of evasion (right hand)
 E - a ring of see invisible (left hand)
Wands
 b - a wand of digging (17/24)
 d - a wand of teleportation (3/9)
 j - a wand of disintegration (1/24)
 y - a wand of heal wounds (0/9)
 A - a wand of acid (9/15)
 D - a wand of iceblast (8/15)
 M - a wand of teleportation (2/9)
 S - a wand of lightning (8/15)
 U - a wand of acid (8/15)
Scrolls
 e - 9 scrolls of remove curse
 h - 12 scrolls of fear
 z - 2 scrolls of enchant armour
 B - 6 scrolls of magic mapping
 F - 3 scrolls of recharging
 L - a scroll of blinking
 W - 4 scrolls of teleportation
 X - a scroll of fog
 Z - 10 scrolls of identify
Potions
 a - a potion of cure mutation
 i - a potion of haste
 n - a potion of might
 q - 3 potions of cancellation
 u - 3 potions of curing
 w - 2 potions of berserk rage
 H - 3 potions of magic
 I - 7 potions of flight
 J - 2 potions of agility
 K - 2 potions of invisibility
 N - a potion of brilliance
 O - a potion of resistance
 Q - 3 potions of heal wounds
Books
 R - an Akashic Record

   Spells                             Type                      Level
   a - Dispersal                      Translocation                6
   b - Malign Gateway                 Summoning/Translocation      7
   c - Disjunction                    Translocation                8
   d - Controlled Blink               Translocation                8
 V - Roxanne's Disquisition on Changing
   (You took it off Roxanne on level 1 of the Snake Pit)

   Spells                             Type                      Level
   a - Beastly Appendage              Transmutation                1
   b - Sticks to Snakes               Transmutation                2
   c - Spider Form                    Transmutation/Poison         3
   d - Statue Form                    Transmutation/Earth          6
   e - Dragon Form                    Transmutation                7
Comestibles
 c - 5 bread rations
 g - 5 meat rations
 m - 2 slices of pizza
 G - 12 royal jellies
 P - 28 fruits
 Y - 7 beef jerkies


   Skills:
 + Level 17.5 Fighting
 - Level 17.1 Maces & Flails
 + Level 15.1 Armour
 - Level 10.0 Dodging
 + Level 6.3 Shields


You had 17 spell levels left.
You didn't know any spells.

Dungeon Overview and Level Annotations

Branches:
Dungeon (15/15)            Temple (0/1) D:4            Lair (8/8) D:8
 Shoals (0/4) Lair:6        Snake (4/4) Lair:6        Slime (0/6) Lair:8
    Orc (2/2) D:11            Elf (0/3) Orc:2        Vaults (0/5) D:13
 Depths (0/5) D:15

Altars:
Ashenzari
Cheibriados
Elyvilon
Fedhas
Gozag
Kikubaaqudgha
Makhleb
Okawaru
Pakellas
Ru
Xom
Yredelemnul
Zin
Beogh

Shops:
D:14 ?   Orc:2 }[!(   Snake:1 }

Annotations:
D:8 exclusions: killer bee and 11 more exclusions
D:10 exclusion: orange crystal statue
D:13 exclusion: ice statue
Lair:5 exclusion: 3 oklob plants
Snake:4 1 exclusion


Innate Abilities, Weirdness & Mutations

You have large cloven feet.
You have a pair of horns on your head.
You are partially covered in icy blue scales (AC +1).
You are partially covered in yellow scales (AC +2).
You are agile. (Dex +2)
You are highly resistant to hostile enchantments.
You are somewhat resistant to further mutation.
You passively map a small area around you.
Your natural rate of healing is unusually fast.
You are resistant to electric shocks.
Your muscles are strong. (Str +2)
Your movements are less encumbered by armour (ER -4).


Message History

The salamander hits you from afar with a spear.
* * * LOW HITPOINT WARNING * * *
You are engulfed in flames!
* * * LOW HITPOINT WARNING * * *
A naga mage comes into view.
Unknown command.
Evoke which item? (* to show all) (? for menu, Esc to quit)
Zapping:
y - a wand of heal wounds (1/9)
Press: ? - help, Shift-Dir - straight line, f - you You feel much better.
This wand has 0 charges left.
The guardian serpent hits you!!
* * * LOW HITPOINT WARNING * * *
Xom thinks this is hilarious!
The black mamba bites you but does no damage.
The naga warrior completely misses you.
The salamander hits you from afar with a halberd!
* * * LOW HITPOINT WARNING * * *
You are engulfed in flames!
You die...
Xom titters!

##.# ******#... ##..#
*,,,,,#.#. ##..##
*,,,,...## ##..##
*,,,,..** #....#
*****,,***
#N...#####.,,,*,,,
#NN........***,,**
#####S#...##..#*,,S**S
#NNNS@#.###**,**,*,*,,
*#N#####.# **,**,,,*,N
***,,,***..#***,,,*,,,**,
**,,,,,*,,.#.,,,,*,,,,,***
*,,*,,,,,*#*.,,,*,,**,,*
*,,,,,,,,* *.,,,,,,,,,,*
*,,,**,,,* **,,,,,,S,,,*
*,,,**,,,* *,,,,,,,,,***
*,,,********,,,,,,,*,*****


You could see a naga warrior, 3 salamanders, a guardian serpent, a black mamba,
a naga mage and 2 nagas.

Vanquished Creatures
  Rupert (Orc:2)
  A quicksilver dragon (Orc:2)
  Frances (Snake:1)
  Agnes (Snake:1)
  Kirke (Snake:3)
  2 greater nagas (Snake:4)
  A storm dragon (Lair:6)
  The ghost of krfreak the Severer, a journeyman HOBe of Trog (Lair:8)
  Maud (Lair:7)
  A ghost moth (shapeshifter) (Lair:7)
  Roxanne (Snake:1)
  2 orc warlords
  The ghost of Gargoyl the Blocker, a journeyman DsAK of Lugonu (IceCv)
  Aizul (Snake:1)
  Louise (Snake:4)
  A very ugly thing (D:14)
  An ironheart preserver (D:13)
  2 dire elephants
  Snorg (D:13)
  A slime creature (D:14)
  7 naga warriors
  The ghost of volde25 the Brawler, a journeyman TrBe of Trog (Orc:2)
  The ghost of Enish the Black Belt, a journeyman TeTm of Nemelex Xobeh (Lair:3)
  Erolcha (D:13)
  4 hydras
  5 anacondas
  3 centaur warriors
  19 death yaks
  A tengu warrior (D:15)
  2 shock serpents
  4 orc high priests (Orc:2)
  5 naga sharpshooters
  An unseen horror (D:14)
  2 wizards (D:13)
  8 hill giants
  2 naga ritualists
  Pikel (D:3)
  5 orc knights
  A griffon (D:15)
  3 mana vipers
  2 deep elf magi
  6 orc sorcerers
  9 ugly things
  5 cyclopes
  A wolf spider (D:15)
  A manticore (D:15)
  24 elephants
  5 salamanders
  4 guardian serpents
  26 black mambas
  7 naga magi
  17 spiny frogs
  3 rime drakes
  5 komodo dragons
  8 trolls
  A polar bear (Lair:2)
  The ghost of jehirs the Cudgeler, an amateur DsAr of Ru (D:5)
  Prince Ribbit (D:6)
  A queen bee (Lair:2)
  4 giant leeches (Lair:8)
  8 two-headed ogres
  2 boulder beetles
  17 blink frogs
  A centaur simulacrum (D:14)
  3 spriggans
  3 shadows
  3 wraiths
  A fire elemental (Lair:7)
  4 basilisks
  A hill giant zombie (D:11)
  27 yaks
  5 hogs (Snake:3)
  5 wyverns
  9 hippogriffs
  5 hungry ghosts
  A steam dragon (D:7)
  2 wargs (Orc:2)
  10 vampire mosquitoes
  2 mottled dragons
  28 nagas
  A soldier ant (D:12)
  Menkaure (D:4)
  22 water moccasins
  9 porcupines
  3 ice beasts
  Duvessa (D:5)
  43 orc warriors
  4 sky beasts
  3 wasps
  3 eyes of draining
  4 phantoms
  13 ogres
  2 slaves (D:3)
  A necrophage (D:12)
  29 wolves
  7 black bears
  7 centaurs
  2 boggarts (D:14)
  15 crocodiles
  A crocodile (shapeshifter) (Lair:8)
  17 big kobolds
  3 elf zombies (Ossuary)
  41 giant frogs
  A gnoll sergeant (D:11)
  Dowan (D:5)
  3 scorpions
  31 killer bees
  4 troll zombies (D:11)
  18 wights
  4 howler monkeys
  7 electric eels
  11 centaur zombies
  9 crimson imps
  A giant frog zombie (D:9)
  33 orc priests
  5 jellies
  7 centaur skeletons
  8 hounds
  A human zombie (Ossuary)
  29 orc wizards
  A giant frog skeleton (D:8)
  8 iguanas
  15 worker ants
  20 sheep
  3 ogre zombies (D:11)
  2 hound skeletons (D:6)
  4 mummies
  9 gnolls
  46 river rats
  23 adders
  2 shadow imps
  16 white imps
  3 ufetubi (IceCv)
  3 oozes
  2 adder zombies
  2 worms (D:2)
  2 dart slugs (D:1)
  6 giant geckos
  131 orcs
  A ball python (Lair:6)
  6 bats
  3 bat zombies (D:6)
  6 giant cockroaches
  11 goblins
  8 hobgoblins
  6 jackals
  33 kobolds
  3 quokkas
  3 giant newts
  7 goblin zombies
  A hobgoblin skeleton (D:11)
  3 hobgoblin zombies (D:11)
  A jackal skeleton (D:4)
  An orc skeleton (D:11)
  15 orc zombies
  2 quokka skeletons
  7 rats
  A rat zombie (D:6)
  A butterfly (D:4)
  A fire vortex (Lair:7)
  2 fungi (D:8)
  3 plants
1195 creatures vanquished.

Vanquished Creatures (collateral kills)
  A hill giant (D:7)
  A black mamba (Snake:2)
  A warg (Lair:3)
  A naga (Snake:2)
  A porcupine (Lair:3)
  A scorpion (D:4)
  2 hounds (Lair:3)
  A plant (Lair:3)
9 creatures vanquished.

Vanquished Creatures (others)
  An anaconda (Snake:4)
  4 black mambas (Lair:6)
  A spiny frog (Lair:8)
  A blink frog (Lair:8)
  3 yaks (Lair:8)
  2 humans (Snake:3)
  A slave (D:4)
  A big kobold (D:8)
  A jelly (Lair:8)
  3 orc wizards
  An iguana (Lair:1)
  A hound skeleton (D:7)
  3 white imps
  3 ufetubi (IceCv)
  An ooze (Lair:8)
  An orc (D:13)
  A giant cockroach (D:4)
  A jackal (D:3)
  A bush (Lair:8)
  20 fungi
  29 plants
80 creatures vanquished.

Grand Total: 1284 creatures vanquished

Notes
Turn   | Place    | Note
--------------------------------------------------------------
     0 | D:1      | Arkorax the Human Chaos Knight began the quest for the Orb.
     0 | D:1      | Reached XP level 1. HP: 18/18 MP: 1/1
    68 | D:1      | Reached XP level 2. HP: 21/24 MP: 2/2
   152 | D:1      | XOM: divination: magic mapping
   211 | D:1      | XOM: harmless Air miscast
   373 | D:2      | XOM: smoke on damage
   378 | D:2      | Reached XP level 3. HP: 26/29 MP: 3/3
   417 | D:2      | XOM: mild Air miscast
   434 | D:2      | Reached XP level 4. HP: 14/37 MP: 4/4
   727 | D:2      | XOM: divination: detect creatures
  1527 | D:2      | Reached XP level 5. HP: 27/42 MP: 5/5
  1610 | D:2      | XOM: colour smoke trail
  2499 | D:3      | XOM: harmless Pois miscast
  2802 | D:4      | Noticed Menkaure
  2803 | D:4      | XOM: potion effect (might)
  2805 | D:4      | Killed Menkaure
  2805 | D:4      | Reached XP level 6. HP: 50/50 MP: 6/6
  2806 | D:4      | Noticed a slave
  2806 | D:4      | XOM: divination: detect creatures
  2807 | D:4      | Noticed Pikel
  2807 | D:4      | Noticed a slave
  2809 | D:4      | Noticed a slave
  2809 | D:4      | Noticed a slave
  2815 | D:3      | Killed a slave
  2886 | D:3      | Killed a slave
  3005 | D:3      | XOM: noise
  3012 | D:3      | Killed Pikel
  3012 | D:3      | Reached skill level 5 in Maces & Flails
  3012 | D:3      | Reached XP level 7. HP: 23/58 MP: 7/7
  3207 | D:4      | Reached XP level 8. HP: 43/64 MP: 8/8
  3428 | D:4      | XOM: snakes to sticks
  3449 | D:4      | XOM: enchant monster (good)
  3461 | D:4      | XOM: fake destruction
  3597 | D:3      | XOM: mild Trmt miscast
  3836 | D:4      | Noticed an orc warrior
  3896 | D:3      | XOM: vitrification
  4113 | D:4      | XOM: summons 8 friendly demons
  4218 | D:4      | Found a staircase to the Ecumenical Temple.
  4391 | D:5      | Entered Level 5 of the Dungeon
  4589 | D:5      | Found an iron altar of Okawaru.
  4610 | D:5      | Found a shattered altar of Ashenzari.
  4726 | D:5      | XOM: give mutations
  4726 | D:5      | Gained mutation: Your mind is acute. (Int +2) [Xom's grace]
  4726 | D:5      | Gained mutation: You possess an exceptional clarity of mind. [Xom's grace]
  4726 | D:5      | Gained mutation: Your spells are a little harder to cast, but a little more powerful. [Xom's grace]
  4726 | D:5      | Gained mutation: You have a pair of small horns on your head. [Xom's grace]
  4760 | D:5      | Noticed Dowan
  4818 | D:5      | Noticed Duvessa
  4843 | D:5      | Killed Duvessa
  4850 | D:5      | Killed Dowan
  4856 | D:5      | XOM: harmless Erth miscast
  5046 | D:5      | Noticed jehirs's ghost (amateur DsAr)
  5048 | D:5      | XOM: summons friendly shadow imp
  5055 | D:5      | XOM: fog
  5102 | D:5      | XOM: scenery: create altars
  5133 | D:5      | Killed jehirs's ghost
  5133 | D:5      | Reached skill level 5 in Armour
  5133 | D:5      | Reached XP level 9. HP: 50/72 MP: 9/9
  5515 | D:5      | XOM: harmless Necr miscast
  5520 | D:5      | XOM: 2-stop teleportation journey
  6054 | D:6      | Noticed Prince Ribbit
  6069 | D:6      | Killed Prince Ribbit
  6134 | D:6      | XOM: 8-stop teleportation journey
  6469 | D:6      | Found an ancient bone altar of Kikubaaqudgha.
  6602 | D:6      | XOM: give mutation
  6602 | D:6      | Gained mutation: You are weak. (Str -2) [Xom's mischief]
  6690 | D:6      | XOM: enchant monster (bad)
  6776 | D:6      | Found a sacrificial altar of Ru.
  6832 | D:6      | XOM: destruction
  6839 | D:6      | XOM: medium Divn miscast
  6961 | D:6      | XOM: 1-stop teleportation journey
  7419 | D:6      | Found a glowing silver altar of Zin.
  7442 | D:6      | XOM: medium Divn miscast
  7565 | D:7      | Noticed a hill giant
  7567 | D:7      | XOM: scenery: 1 doors close
  7568 | D:7      | Gained mutation: You are resistant to electric shocks. [potion of mutation]
  7568 | D:7      | Gained mutation: Armour fits poorly on your strangely shaped body. [potion of mutation]
  7575 | D:7      | XOM: summons 9 friendly demons
  7582 | D:7      | Killed a hill giant
  7582 | D:7      | Reached XP level 10. HP: 83/83 MP: 10/10
  7644 | D:7      | XOM: harmless Erth miscast
  7705 | D:7      | XOM: mild Ice miscast
  7719 | D:7      | XOM: 2-stop teleportation journey
  7936 | D:7      | XOM: silly message
  8063 | D:7      | XOM: enchant monster (good)
  8067 | D:7      | XOM: cast spell 'Summon Small Mammal'
  8114 | D:7      | XOM: silly message
  8191 | D:7      | XOM: potion effect (invisibility)
  8304 | D:7      | XOM: cast spell 'Leda's Liquefaction'
  8401 | D:7      | XOM: divination: detect items
  8547 | D:7      | XOM: divination: detect creatures
  8655 | D:7      | XOM: give mutations
  8655 | D:7      | Lost mutation: Armour fits poorly on your strangely shaped body. [Xom's mischief]
  8655 | D:7      | Gained mutation: You occasionally shout uncontrollably at your foes. [Xom's mischief]
  8655 | D:7      | Gained mutation: You are robust (+10% HP). [Xom's mischief]
  8808 | D:8      | Found a basalt altar of Yredelemnul.
  8835 | D:8      | Reached skill level 10 in Fighting
  8881 | D:8      | Found a blossoming altar of Fedhas.
  8951 | D:8      | XOM: 4-stop teleportation journey
  8974 | D:8      | XOM: medium Tloc miscast
  9070 | D:8      | XOM: polymorph big kobold -> water moccasin
  9078 | D:8      | XOM: severe Trmt miscast
  9078 | D:8      | Lost mutation: Your spells are a little harder to cast, but a little more powerful. [the severe capriciousness of Xom]
  9087 | D:8      | Reached skill level 10 in Maces & Flails
  9089 | D:8      | XOM: divine lightning
  9105 | D:8      | XOM: chaos upgrade
  9297 | D:8      | Found an oddly glowing altar of Pakellas.
  9297 | D:8      | Found a shattered altar of Ashenzari.
  9298 | D:8      | Found a burning altar of Makhleb.
  9347 | D:8      | Found a staircase to the Lair.
  9397 | D:8      | Reached XP level 11. HP: 101/101 MP: 11/11
  9491 | D:8      | Found an opulent altar of Gozag.
  9520 | D:8      | Found a sand-covered staircase.
  9521 | D:8      | XOM: give mutations
  9521 | D:8      | Lost mutation: You are weak. (Str -2) [Xom's mischief]
  9521 | D:8      | Lost mutation: You possess an exceptional clarity of mind. [Xom's mischief]
  9521 | D:8      | Gained mutation: Your muscles are strong. (Str +2) [Xom's mischief]
  9529 | Ossuary  | Entered an ossuary
  9587 | Ossuary  | XOM: blink monster(s)
  9833 | D:8      | Noticed a cyclops
  9843 | D:8      | XOM: 1-stop teleportation journey
  9850 | D:8      | XOM: summons 3 hostile shadow creatures
 10174 | D:9      | Found a snail-covered altar of Cheibriados.
 10326 | D:9      | XOM: enchant monster (bad)
 10577 | D:9      | XOM: harmless Trmt miscast
 10724 | D:9      | XOM: medium Chrm miscast
 10797 | D:9      | XOM: draining
 10856 | D:10     | XOM: stealth player
 10856 | D:10     | Entered Level 10 of the Dungeon
 10878 | D:10     | XOM: 1-stop teleportation journey
 10954 | D:10     | Paralysed by a wasp for 3 turns
 11123 | D:10     | XOM: harmless Trmt miscast
 11153 | D:10     | Noticed an orange crystal statue
 11167 | D:10     | XOM: blink monster(s)
 11172 | D:10     | Got a translucent rapier
 11264 | D:9      | Identified the +7 rapier "Zothusel" {vamp, rF- Int+2 Dex+5} (You found it on level 10 of the Dungeon)
 12017 | D:8      | XOM: give mutations
 12017 | D:8      | Gained mutation: You are partially covered in yellow scales (AC +2). [Xom's grace]
 12017 | D:8      | Gained mutation: You have a pair of horns on your head. [Xom's grace]
 12017 | D:8      | Gained mutation: You are somewhat resistant to further mutation. [Xom's grace]
 12074 | D:8      | Killed a cyclops
 12175 | D:8      | XOM: give mutations
 12175 | D:8      | Gained mutation: You possess an exceptional clarity of mind. [Xom's grace]
 12175 | D:8      | Gained mutation: You are resistant to hostile enchantments. [Xom's grace]
 12175 | D:8      | Gained mutation: Your system is resistant to poisons. [Xom's grace]
 12328 | Lair:1   | Entered Level 1 of the Lair of Beasts
 12352 | Lair:1   | XOM: fog
 12436 | Lair:1   | XOM: destruction
 12441 | Lair:1   | XOM: swap monsters
 12446 | Lair:1   | XOM: smoke on damage
 12469 | Lair:1   | XOM: mild Trmt miscast
 12574 | Lair:1   | Got an ichor-stained leather armour
 12585 | Lair:1   | Identified the +4 leather armour "Ilojytua" {MR++ rCorr Dex-3 Stlth-} (You found it on level 1 of the Lair of Beasts)
 12746 | Lair:1   | XOM: 1-stop teleportation journey
 12863 | Lair:1   | XOM: destruction
 12951 | Lair:1   | Reached XP level 12. HP: 95/112 MP: 12/12
 12951 | Lair:1   | XOM: scenery: create altars
 12954 | Lair:1   | XOM: cast spell 'Dragon Form'
 13299 | Lair:2   | XOM: give mutations
 13299 | Lair:2   | Gained mutation: You have a pair of large horns on your head. [Xom's grace]
 13299 | Lair:2   | Gained mutation: You passively map a small area around you. [Xom's grace]
 13299 | Lair:2   | Gained mutation: You are partially covered in rugged brown scales (AC +1, +3% HP). [Xom's grace]
 13299 | Lair:2   | Gained mutation: You have a beak for a mouth. [Xom's grace]
 13413 | Lair:2   | XOM: give mutations
 13413 | Lair:2   | Gained mutation: You have large cloven feet. [Xom's grace]
 13413 | Lair:2   | Gained mutation: You are partially covered in molten scales (AC +1). [Xom's grace]
 13413 | Lair:2   | Gained mutation: Your movements are slightly less encumbered by armour (ER -2). [Xom's grace]
 13608 | Lair:2   | XOM: 1-stop teleportation journey
 14066 | Lair:2   | XOM: harmless Pois miscast
 14090 | Lair:2   | XOM: polymorph killer bee -> jelly
 14113 | Lair:2   | XOM: fake destruction
 14140 | Lair:2   | XOM: divination: detect items
 14297 | Lair:2   | XOM: 1-stop teleportation journey
 14316 | Lair:2   | XOM: harmless Necr miscast
 14533 | Lair:2   | XOM: smoke on damage
 14538 | Lair:2   | XOM: summons friendly iron imp
 14574 | Lair:2   | XOM: summons friendly ufetubus
 14585 | Lair:2   | XOM: cast spell 'Death Channel'
 14633 | Lair:2   | XOM: cast spell 'Necromutation'
 14720 | Lair:2   | XOM: god gift: scroll labeled DAXIESTR SASEB
 14746 | Lair:2   | Got an ichor-stained chain mail
 14757 | Lair:2   | Identified the +8 chain mail "Wial" {rPois MR++ rCorr} (You found it on level 2 of the Lair of Beasts)
 14841 | Lair:3   | XOM: cast spell 'Summon Mana Viper'
 14859 | Lair:3   | Noticed Enish's ghost (journeyman TeTm)
 14869 | Lair:3   | XOM: polymorph mana viper -> redback
 14888 | Lair:3   | XOM: summons 7 friendly demons
 14897 | Lair:3   | XOM: cast spell 'Monstrous Menagerie'
 14910 | Lair:3   | XOM: potion effect (might)
 14917 | Lair:3   | Killed Enish's ghost
 14976 | Lair:3   | XOM: cast spell 'Hydra Form'
 15024 | Lair:3   | XOM: noise
 15093 | Lair:3   | Reached XP level 13. HP: 125/125 MP: 13/13
 15128 | Lair:3   | XOM: divination: magic mapping
 15198 | Lair:3   | XOM: summons 13 friendly demons
 15203 | Lair:3   | XOM: blink monster(s)
 15216 | Lair:3   | XOM: enchant monster (bad)
 15246 | Lair:3   | XOM: 7-stop teleportation journey
 15605 | Lair:3   | XOM: give mutations
 15605 | Lair:3   | Gained mutation: You are highly resistant to hostile enchantments. [Xom's grace]
 15605 | Lair:3   | Gained mutation: You have hoof-like feet. [Xom's grace]
 15605 | Lair:3   | Gained mutation: You are extremely resistant to the effects of hostile enchantments. [Xom's grace]
 15802 | Lair:4   | XOM: harmless Ice miscast
 15824 | Lair:4   | XOM: 7-stop teleportation journey
 15945 | Lair:4   | XOM: summons 4 hostile shadow creatures
 15949 | Lair:4   | XOM: fog
 16196 | Lair:4   | XOM: colour smoke trail
 16457 | Lair:4   | XOM: give mutations
 16457 | Lair:4   | Lost mutation: You are extremely resistant to the effects of hostile enchantments. [Xom's mischief]
 16457 | Lair:4   | Lost mutation: You are robust (+10% HP). [Xom's mischief]
 16457 | Lair:4   | Lost mutation: You occasionally shout uncontrollably at your foes. [Xom's mischief]
 16457 | Lair:4   | Lost mutation: You are partially covered in molten scales (AC +1). [Xom's mischief]
 16775 | Lair:5   | XOM: silly message
 16826 | Lair:5   | XOM: 5-stop teleportation journey
 17117 | Lair:5   | XOM: harmless Pois miscast
 17129 | Lair:5   | XOM: harmless Conj miscast
 17201 | Lair:5   | XOM: enchant monster (bad)
 17206 | Lair:5   | XOM: chaos cloud
 17215 | Lair:5   | XOM: swap monsters
 17221 | Lair:5   | Paralysed by you for 4 turns
 17228 | Lair:5   | Noticed a dire elephant
 17363 | Lair:4   | XOM: mild Fire miscast
 17452 | Lair:5   | XOM: summons 3 hostile shadow creatures
 17458 | Lair:5   | Killed a dire elephant
 17634 | Lair:5   | XOM: medium Hex miscast
 17651 | Lair:5   | XOM: scenery: create altars
 17677 | Lair:5   | XOM: scenery: create altars
 18101 | Lair:6   | Found a staircase to the Shoals.
 18257 | Lair:6   | XOM: 1-stop teleportation journey
 18268 | Lair:6   | XOM: divination: detect creatures
 18313 | Lair:6   | Found a staircase to the Snake Pit.
 18457 | Lair:6   | XOM: divine lightning (protected)
 18547 | Lair:6   | XOM: harmless Conj miscast
 18565 | Lair:6   | XOM: god gift: meat ration
 18602 | Lair:6   | XOM: confuse monster(s)
 18617 | Lair:6   | Reached XP level 14. HP: 119/124 MP: 14/14
 18767 | Lair:6   | XOM: harmless Air miscast
 19058 | Lair:6   | Noticed a storm dragon
 19058 | Lair:6   | a seven-headed hydra changed into a storm dragon
 19058 | Lair:6   | XOM: polymorph seven-headed hydra -> storm dragon
 19060 | Lair:6   | XOM: scenery: create altars
 19070 | Lair:6   | Killed a storm dragon
 19080 | Lair:6   | XOM: give mutation
 19080 | Lair:6   | Gained mutation: You are agile. (Dex +2) [Xom's grace]
 19095 | Lair:6   | XOM: 2-stop teleportation journey
 19240 | Lair:7   | XOM: 2-stop teleportation journey
 19243 | Lair:7   | XOM: noise
 19245 | Lair:7   | Reached skill level 10 in Armour
 19391 | Lair:7   | Reached skill level 15 in Fighting
 19459 | Lair:7   | XOM: noise
 19468 | Lair:7   | Noticed Maud
 19485 | Lair:7   | XOM: summons friendly white imp
 19505 | Lair:7   | Killed Maud
 19559 | Lair:7   | XOM: cast spell 'Ice Form'
 19767 | Lair:7   | Noticed an azure jelly
 19767 | Lair:7   | a death yak changed into an azure jelly
 19767 | Lair:7   | XOM: polymorph death yak -> azure jelly
 19768 | Lair:7   | Noticed a storm dragon
 19768 | Lair:7   | an azure jelly changed into a storm dragon
 19773 | Lair:7   | XOM: summons friendly shadow imp
 19777 | Lair:7   | a storm dragon changed into a catoblepas
 19787 | Lair:7   | Killed a ghost moth
 19787 | Lair:7   | Reached skill level 15 in Maces & Flails
 19787 | Lair:7   | Reached skill level 1 in Shields
 19790 | Lair:7   | XOM: enchant monster (bad)
 19791 | Lair:7   | XOM: scenery: create altars
 19875 | Lair:7   | XOM: 3-stop teleportation journey
 19947 | Lair:7   | XOM: give mutation
 19947 | Lair:7   | Gained mutation: Your flesh is heat resistant. [Xom's grace]
 20021 | Lair:7   | XOM: divination: detect items
 20193 | Lair:7   | XOM: swap monsters
 20204 | Lair:7   | XOM: destruction
 20397 | Lair:8   | Entered Level 8 of the Lair of Beasts
 20397 | Lair:8   | Noticed krfreak's ghost (journeyman HOBe)
 20397 | Lair:8   | XOM: cast spell 'Warp Weapon'
 20470 | Lair:8   | XOM: cast spell 'Summon Butterflies'
 20501 | Lair:8   | XOM: medium Ice miscast
 20552 | Lair:8   | XOM: destruction
 20565 | Lair:8   | XOM: cast spell 'Monstrous Menagerie'
 20574 | Lair:8   | Reached XP level 15. HP: 86/132 MP: 15/15
 20587 | Lair:8   | XOM: scenery: create altars
 20591 | Lair:8   | XOM: confuse monster(s)
 20617 | Lair:8   | XOM: polymorph blink frog -> crocodile
 20622 | Lair:8   | Killed krfreak's ghost
 20789 | Lair:8   | XOM: scenery: create altars
 20868 | Lair:8   | XOM: polymorph blink frog -> yak
 20923 | Lair:8   | Found a staircase to the Slime Pits.
 21015 | Lair:8   | Found a frozen archway.
 21015 | Lair:8   | XOM: 1-stop teleportation journey
 21028 | Lair:8   | XOM: harmless Pois miscast
 21031 | IceCv    | Entered an ice cave
 21031 | IceCv    | Noticed Gargoyl's ghost (journeyman DsAK)
 21060 | IceCv    | Killed Gargoyl's ghost
 21216 | Lair:8   | XOM: noise
 21234 | Lair:8   | XOM: mild Chrm miscast
 21238 | Lair:8   | XOM: harmless Tloc miscast
 21246 | Lair:8   | XOM: enchant monster (good)
 21252 | Lair:8   | XOM: mild Necr miscast
 21273 | Lair:8   | XOM: confuse monster(s)
 21431 | Lair:8   | XOM: mild Conj miscast
 21713 | Lair:8   | XOM: colour smoke trail
 21952 | Lair:1   | XOM: vitrification
 22078 | D:11     | Found a staircase to the Orcish Mines.
 22093 | D:11     | XOM: summons friendly shadow imp
 22113 | D:11     | XOM: swap monsters
 22295 | D:11     | Got a pair of twisted gloves
 22301 | D:11     | Identified the +0 pair of gloves of Trog's Delight {Str+4} (You found it on level 11 of the Dungeon)
 22368 | D:11     | XOM: scenery: 1 doors open, 1 doors close
 22514 | D:11     | XOM: 2-stop teleportation journey
 22585 | D:11     | XOM: destruction
 22613 | D:11     | XOM: 1-stop teleportation journey
 22912 | D:11     | XOM: harmless Fire miscast
 23373 | D:12     | XOM: fog
 23415 | D:12     | XOM: harmless Chrm miscast
 23421 | D:12     | XOM: draining
 23432 | D:12     | XOM: give mutations
 23432 | D:12     | Lost mutation: Your system is resistant to poisons. [Xom's mischief]
 23432 | D:12     | Lost mutation: You are partially covered in rugged brown scales (AC +1, +3% HP). [Xom's mischief]
 23432 | D:12     | Lost mutation: You have hoof-like feet. [Xom's mischief]
 23432 | D:12     | Lost mutation: You have a pair of large horns on your head. [Xom's mischief]
 23541 | D:12     | Reached XP level 16. HP: 136/136 MP: 16/16
 23772 | D:13     | XOM: 2-stop teleportation journey
 23932 | D:13     | XOM: mild Tloc miscast
 24187 | D:13     | Noticed Snorg
 24200 | D:13     | Killed Snorg
 24226 | D:13     | Noticed Erolcha
 24231 | D:13     | Reached skill level 5 in Dodging
 24243 | D:13     | Killed Erolcha
 24357 | D:13     | Found a gate to the Vaults.
 24357 | D:13     | XOM: summons 2 friendly demons
 24552 | D:14     | XOM: harmless Fire miscast
 24731 | D:14     | Found Saamuukk's Magic Scroll Emporium.
 24779 | D:14     | XOM: give mutations
 24779 | D:14     | Lost mutation: You possess an exceptional clarity of mind. [Xom's mischief]
 24779 | D:14     | Lost mutation: Your mind is acute. (Int +2) [Xom's mischief]
 24779 | D:14     | Lost mutation: Your flesh is heat resistant. [Xom's mischief]
 24779 | D:14     | Lost mutation: You have a beak for a mouth. [Xom's mischief]
 24870 | D:14     | XOM: mild Divn miscast
 25071 | D:14     | XOM: 1-stop teleportation journey
 25274 | D:14     | Found a white marble altar of Elyvilon.
 25355 | D:14     | XOM: chaos upgrade
 25374 | D:14     | XOM: divination: magic mapping
 25418 | D:14     | XOM: noise
 25691 | D:14     | XOM: harmless Ice miscast
 25716 | D:15     | Entered Level 15 of the Dungeon
 25887 | D:15     | Found a staircase to the Depths.
 26078 | D:15     | XOM: 1-stop teleportation journey
 26410 | D:15     | XOM: noise
 26665 | D:15     | XOM: divination: detect creatures
 26726 | D:14     | XOM: silly message
 26739 | D:14     | XOM: divination: detect creatures
 26836 | D:13     | XOM: harmless Erth miscast
 26983 | Orc:1    | Entered Level 1 of the Orcish Mines
 27314 | Orc:1    | XOM: harmless Fire miscast
 27406 | Orc:1    | XOM: cast spell 'Summon Small Mammal'
 27593 | Orc:2    | Entered Level 2 of the Orcish Mines
 27595 | Orc:2    | Noticed volde25's ghost (journeyman TrBe)
 27606 | Orc:2    | XOM: smoke on damage
 27613 | Orc:2    | Killed volde25's ghost
 27720 | Orc:2    | XOM: scenery: 1 doors open
 27831 | Orc:2    | Reached XP level 17. HP: 142/144 MP: 17/17
 27878 | Orc:2    | Found a roughly hewn altar of Beogh.
 27931 | Orc:2    | XOM: potion effect (agility)
 27937 | Orc:2    | Noticed a quicksilver dragon
 27937 | Orc:2    | a stone giant changed into a quicksilver dragon
 27937 | Orc:2    | XOM: polymorph stone giant -> quicksilver dragon
 27945 | Orc:2    | XOM: summons friendly white imp
 27946 | Orc:2    | XOM: divination: detect creatures
 27957 | Orc:2    | Killed a quicksilver dragon
 28127 | Orc:2    | Found Okeusel's Antique Weapon Boutique.
 28145 | Orc:2    | Found Waixt's Distillery.
 28145 | Orc:2    | XOM: potion effect (heal wounds)
 28160 | Orc:2    | Bought a potion of beneficial mutation for 350 gold pieces
 28160 | Orc:2    | Gained mutation: Your movements are less encumbered by armour (ER -4). [potion of beneficial mutation]
 28270 | Orc:2    | XOM: noise
 28283 | Orc:2    | XOM: mild Necr miscast
 28434 | Orc:2    | XOM: harmless Hex miscast
 28584 | Orc:2    | XOM: cast spell 'Ice Form'
 28675 | Orc:2    | Found a staircase to the Elven Halls.
 28741 | Orc:2    | Found Ciemmeedghi's Gadget Emporium.
 28746 | Orc:2    | XOM: smoke on damage
 28750 | Orc:2    | XOM: cast spell 'Spider Form'
 28754 | Orc:2    | XOM: potion effect (berserk rage)
 28949 | Orc:2    | Found a roughly hewn altar of Beogh.
 28994 | Orc:2    | XOM: divination: detect creatures
 29003 | Orc:2    | Found Rauxif's Antique Armour Shop.
 29063 | Orc:2    | XOM: potion effect (invisibility)
 29099 | Orc:2    | Noticed Rupert
 29103 | Orc:2    | XOM: potion effect (berserk rage)
 29107 | Orc:2    | XOM: potion effect (haste)
 29111 | Orc:2    | Killed Rupert
 29229 | Orc:2    | XOM: harmless Conj miscast
 29289 | Orc:2    | XOM: silly message
 29552 | Snake:1  | Entered Level 1 of the Snake Pit
 29597 | Snake:1  | Noticed Aizul
 29617 | Snake:1  | Killed Aizul
 29691 | Snake:1  | XOM: cast spell 'Ring of Flames'
 29692 | Snake:1  | Noticed Roxanne
 29699 | Snake:1  | XOM: enchant monster (good)
 29706 | Snake:1  | XOM: blink monster(s)
 29715 | Snake:1  | Killed Roxanne
 29719 | Snake:1  | Identified Roxanne's Disquisition on Changing (You took it off Roxanne on level 1 of the Snake Pit)
 29750 | Snake:1  | XOM: give mutation
 29750 | Snake:1  | Gained mutation: You are partially covered in icy blue scales (AC +1). [Xom's mischief]
 29870 | Snake:1  | XOM: mild Air miscast
 30126 | Snake:1  | Noticed Frances
 30132 | Snake:1  | XOM: confusion
 30137 | Snake:1  | Killed Frances
 30234 | Snake:1  | Noticed Agnes
 30236 | Snake:1  | Found Jeixoec's Gadget Emporium.
 30244 | Snake:1  | Killed Agnes
 30421 | Snake:2  | XOM: stealth player
 30425 | Snake:2  | XOM: confusion
 30431 | Snake:2  | XOM: enchant monster (good)
 30474 | Snake:2  | XOM: scenery: create altars
 30476 | Snake:2  | XOM: severe Conj miscast
 30520 | Snake:2  | XOM: 2-stop teleportation journey
 30569 | Snake:2  | XOM: blink monster(s)
 30691 | Snake:2  | XOM: confuse monster(s)
 30701 | Snake:2  | XOM: summons 3 hostile shadow creatures
 30828 | Snake:1  | XOM: summons 4 hostile shadow creatures
 30836 | Snake:1  | You fall through a shaft!
 30841 | Snake:2  | Got a dazzling flail
 30843 | Snake:2  | Identified the +2 flail of Articulation {flame, +Blink Stlth+} (You found it on level 2 of the Snake Pit)
 30967 | Snake:2  | XOM: severe Tloc miscast
 31000 | Snake:2  | XOM: summons 16 friendly demons
 31544 | Snake:2  | XOM: god gift: 34 gold pieces
 31658 | Snake:3  | Reached skill level 10 in Dodging
 31849 | Snake:3  | Noticed Kirke
 31852 | Snake:3  | XOM: confuse monster(s)
 31854 | Snake:3  | XOM: potion effect (haste)
 31878 | Snake:3  | Reached XP level 18. HP: 112/154 MP: 18/18
 31885 | Snake:3  | XOM: divination: detect items
 31890 | Snake:3  | Killed Kirke
 32016 | Snake:3  | Gained mutation: Your natural rate of healing is unusually fast. [potion of beneficial mutation]
 32042 | Snake:3  | Reached skill level 5 in Shields
 32049 | Snake:3  | XOM: potion effect (magic)
 32050 | Snake:3  | XOM: cast spell 'Ice Form'
 32183 | Snake:3  | XOM: harmless Summ miscast
 32511 | Snake:4  | Entered Level 4 of the Snake Pit
 32538 | Snake:4  | XOM: divination: detect items
 32673 | Snake:4  | XOM: confuse monster(s)
 32677 | Snake:4  | XOM: noise
 32682 | Snake:4  | XOM: summons 2 friendly demons
 33036 | Snake:4  | XOM: colour smoke trail
 33158 | Snake:4  | XOM: divination: detect creatures
 33161 | Snake:4  | XOM: cast spell 'Summon Butterflies'
 33164 | Snake:4  | XOM: potion effect (invisibility)
 33167 | Snake:4  | Noticed Louise
 33182 | Snake:4  | Killed Louise
 33182 | Snake:4  | Reached skill level 15 in Armour
 33256 | Snake:4  | XOM: divination: detect creatures
 33334 | Snake:4  | XOM: noise
 33423 | Snake:4  | XOM: summons 4 hostile shadow creatures
 33449 | Snake:4  | Slain by a salamander

Skill      XL: |  1  2  3  4  5  6  7  8  9 10 11 12 13 14 15 16 17 18 |
---------------+-------------------------------------------------------+-----
Fighting       | 4 6 7 9 10 11 13 14 15 16 17 | 17.5
Maces & Flails | 4 5 6 7 9 10 11 13 14 15 17 | 17.1
Armour         | 3 4 5 6 7 8 9 10 12 13 14 15 | 15.1
Dodging        | 3 4 7 10 | 10.0
Shields        | 3 4 6 |  6.3

Action                   |  1- 3 |  4- 6 |  7- 9 | 10-12 | 13-15 | 16-18 || total
-------------------------+-------+-------+-------+-------+-------+-------++-------
Melee: Mace              |    48 |   182 |   271 |   212 |       |       ||   713
       Whip              |       |       |    43 |       |       |       ||    43
       Dagger            |       |       |   101 |    21 |       |       ||   122
       Headbutt          |       |       |    58 |   213 |   345 |   357 ||   973
       Flail             |       |       |       |   929 |   642 |       ||  1571
       Peck              |       |       |       |    43 |   315 |    28 ||   386
       Unarmed           |       |       |       |     9 |       |    14 ||    23
       Tailslap          |       |       |       |     2 |       |       ||     2
       Bite              |       |       |       |     1 |       |       ||     1
       Eveningstar       |       |       |       |       |   854 |  1351 ||  2205
Evoke: Wand              |       |     4 |     8 |     3 |     7 |     4 ||    26
  Use: Potion            |       |     9 |     4 |     5 |    13 |     4 ||    35
       Scroll            |       |       |     5 |    15 |    14 |     7 ||    41
 Stab: Petrifying        |     1 |       |     1 |       |       |       ||     2
       Sleeping          |       |     1 |     5 |       |       |       ||     6
       Distracted        |       |     1 |     3 |       |       |     1 ||     5
       Paralysed         |       |       |     5 |     4 |       |       ||     9
       Confused          |       |       |     1 |     2 |     9 |     2 ||    14
       Invisible         |       |       |       |     6 |       |     7 ||    13
       Petrified         |       |       |       |     1 |       |       ||     1
  Eat: Bread ration      |       |     2 |     3 |     4 |     2 |     3 ||    14
       Chunk             |       |       |     3 |     7 |     4 |     6 ||    20
       Meat ration       |       |       |       |     1 |     3 |     4 ||     8
       Pizza             |       |       |       |       |       |     3 ||     3
Armor: Leather armour    |    25 |    49 |   113 |   106 |       |       ||   293
       Plate armour      |       |       |    44 |   449 |       |       ||   493
       Chain mail        |       |       |       |    47 |   687 |   553 ||  1287
       Skin              |       |       |       |     4 |    28 |     4 ||    36
Dodge: Dodged            |    34 |   124 |   246 |   663 |   996 |  1139 ||  3202
Block: Buckler           |       |       |       |       |   211 |   373 ||   584
